 Dungeon Crawl Stone Soup version 0.26.0-20-g3ca415f5b8 (webtiles) character file.

Game seed: 100894461675573283

376 thiole the Sneak (level 6, 0/36 HPs)
             Began as an Octopode Hedge Wizard on Jan 24, 2021.
             Was an Initiate of Gozag.
             Slain by a centaur (8 damage)
             ... on level 5 of the Dungeon.
             The game lasted 00:12:04 (5767 turns).

thiole the Sneak (Octopode Hedge Wizard)            Turns: 5767, Time: 00:12:04

Health: 0/36       AC:  1    Str: 10    XL:     6   Next: 73%
Magic:  8/11       EV: 14    Int: 18    God:    Gozag
Gold:   275        SH:  0    Dex: 17    Spells: 6/12 levels left

rFire    . . .     SeeInvis .   n - +2 short sword (speed)
rCold    . . .     Faith    .   (no shield)
rNeg     . . .     Spirit   .   b - +0 hat
rPois    .         Reflect  .   (no amulet)
rElec    .         Harm     .   r - +6 ring of dexterity
rCorr    +         Rampage  .   g - ring of resist corrosion
Will     .....                  (no ring)
Stlth    ++++......             (no ring)
HPRegen  0.12/turn              (no ring)
MPRegen  0.12/turn              (no ring)
                                (no ring)
                                (no ring)

@: gold aura
A: almost no armour, stealthy swim, amphibious, 8 rings, constrict 8, camouflage
1, gelatinous body 1
a: Renounce Religion, Potion Petition, Call Merchant, Bribe Branch


You were on level 5 of the Dungeon.
You worshipped Gozag.
Gozag was aware of your devotion.
You visited 2 branches of the dungeon, and saw 6 of its levels.

You collected 347 gold pieces.
You paid 72 gold pieces to Gozag.

Inventory:

Hand Weapons
 n - a +2 short sword of speed (weapon)
 v - a +1 vorpal shortbow
Armour
 b - a +0 hat (worn)
 p - a +0 kite shield
Jewellery
 g - a ring of resist corrosion (right tentacle)
 r - a +6 ring of dexterity (left tentacle)
Scrolls
 a - a scroll of blinking {unknown}
 c - a scroll of random uselessness
 f - 3 scrolls of noise {unknown}
 h - a scroll of magic mapping {unknown}
 j - 2 scrolls of teleportation
 m - 3 scrolls of amnesia {unknown}
 q - a scroll of fog {unknown}
Potions
 d - 3 potions of curing
 e - 3 potions of attraction
 i - a potion of haste {unknown}
 k - a potion of might {unknown}
 l - 3 potions of magic
 o - a potion of lignification {unknown}
 s - a potion of cancellation {unknown}
 t - a potion of mutation {unknown}
 u - 2 potions of brilliance {unknown}


   Skills:
 - Level 2.0 Dodging
 + Level 4.4 Stealth
 + Level 3.8 Spellcasting
 - Level 4.0 Conjurations
 - Level 3.1 Summonings
 - Level 1.0 Translocations
 * Level 1.9 Air Magic


You had 6 spell levels left.
You knew the following spells:

 Your Spells              Type           Power        Failure   Level
a - Magic Dart            Conj           68%          3%          1
b - Call Imp              Summ           14%          6%          2
c - Mephitic Cloud        Conj/Pois/Air  10%          21%         3

Your spell library contained the following spells:

 Spells                   Type           Power        Failure   Level
 Animate Skeleton         Necr           6%           16%         1
 Pain                     Necr           12%          16%         1
 Blink                    Tloc           N/A          16%         2
 Conjure Flame            Conj/Fire      10%          21%         3
 Slow                     Hex            3%           22%         2
 Vampiric Draining        Necr           1%           41%         3
 Animate Dead             Necr           1%           83%         4
 Agony                    Necr           3%           99%         5


Dungeon Overview and Level Annotations

Branches:
Dungeon (5/15)             Temple (1/1) D:4

Altars:
Cheibriados
Dithmenos
Elyvilon
Gozag
Okawaru
Qazlal
Sif Muna
Uskayaw
Vehumet
Wu Jian
Xom
The Shining One

Annotations:
D:4 Eustachio


Innate Abilities, Weirdness & Mutations

You cannot wear most types of armour.
You are very stealthy in the water. (Stealth+)
You are amphibious.
You can wear up to eight rings at the same time.
You can use your tentacles to constrict eight enemies at once.
Your skin changes colour to match your surroundings (Stealth+).
Your rubbery body absorbs attacks. (AC +1, EV +1)


Message History

You puncture the centaur!
The centaur is moderately wounded.
The centaur hits you.
Your crimson imp blinks!
You hit the centaur.
The centaur is heavily wounded.
The centaur barely misses you.
You barely miss the centaur.
The centaur is heavily wounded.
The centaur hits you!
You closely miss the centaur.
The centaur is heavily wounded.
The centaur hits you.
* * * LOW HITPOINT WARNING * * *
Your crimson imp blinks!
You hit the centaur.
The centaur is heavily wounded.
The centaur misses you. The centaur hits you!
You die...
Your body crumbles into a pile of gold.

#.#####.#.#.#.....#
#...# #.#
#....#..##.## #...#
#.# #.......# .#
#.# ##...##..#.#
#.### ##.........
#<..## #####.....
##...# ### ####.##
#.#.# ##(## .#
#.#.###.#@#
..#....###c#
#######.# #S.
#....# ._.. #.#.##
.ยง..# # ## ..... $
$ .... ....


You could see a centaur and an adder.

Vanquished Creatures
  A centaur skeleton (D:4)
  2 orc priests
  An orc wizard (D:4)
  Natasha (twice) (D:4)
  A hound zombie (D:4)
  A hound skeleton (D:4)
  5 adders
  An ooze (D:1)
  3 worms
  3 dart slugs
  5 leopard geckos
  13 orcs
  4 ball pythons
  6 giant cockroaches
  12 goblins
  13 hobgoblins
  3 jackals (D:5)
  4 quokkas
  6 bats
  5 frilled lizards
  8 kobolds
  6 rats
105 creatures vanquished.

Vanquished Creatures (collateral kills)
  An iguana (D:4)
  A jackal (D:4)
2 creatures vanquished.

Vanquished Creatures (others)
  16 plants (D:2)
16 creatures vanquished.

Grand Total: 123 creatures vanquished

Notes
Turn   | Place    | Note
-------+----------+-------------------------------------------
     0 | D:1      | thiole the Octopode Hedge Wizard began the quest for the
                  | Orb.
     0 | D:1      | Reached XP level 1. HP: 11/11 MP: 4/4
   425 | D:1      | Reached XP level 2. HP: 17/17 MP: 3/6
  1089 | D:1      | Reached XP level 3. HP: 15/21 MP: 1/7
  1721 | D:2      | Found a shimmering altar of Xom.
  2268 | D:2      | Reached XP level 4. HP: 27/27 MP: 3/8
  2364 | D:2      | Found a glowing golden altar of the Shining One.
  2501 | D:2      | You fall into a shaft and drop 1 floor!
  3417 | D:3      | Reached XP level 5. HP: 27/31 MP: 7/10
  4586 | D:4      | Found a staircase to the Ecumenical Temple.
  4595 | Temple   | Entered the Ecumenical Temple
  4637 | Temple   | Became a worshipper of Gozag Ym Sagoz the Greedy
  4708 | D:4      | Learned a level 2 spell: Call Imp
  4712 | D:4      | Learned a level 3 spell: Mephitic Cloud
  4766 | D:4      | Found a hide-covered altar of Uskayaw.
  4960 | D:4      | Reached XP level 6. HP: 35/36 MP: 0/11
  5054 | D:4      | Found a stormy altar of Qazlal.
  5089 | D:4      | Reached skill level 1 in Air Magic
  5185 | D:4      | Noticed Natasha
  5191 | D:4      | Killed Natasha
  5216 | D:4      | Noticed Natasha
  5222 | D:4      | Killed Natasha
  5293 | D:4      | Noticed Eustachio
  5519 | D:5      | Entered Level 5 of the Dungeon
  5754 | D:5      | Found a radiant altar of Vehumet.
  5767 | D:5      | Slain by a centaur

Illustrated notes

Levels and vault maps discovered:
D:1:      saegor_arrival_simple_a, layout_basic
D:2:      layout_loops_ring, nicolae_tso_carved_into_rock, serial_bayou,
          serial_bayou_pond_a, serial_bayou_lagoon_b, serial_bayou_pond_d,
          serial_bayou_pond_e, serial_bayou_pond_e, xom_teletrap_fun
D:3:      layout_basic
D:4:      layout_cave_pods, lemuel_temple_firewalk_b, serial_park,
          serial_park_gazebo [serial_park_minivault_5x5_1], serial_park_square1
          [serial_park_minivault_5x5_3], serial_park_tiny_2,
          minmay_ruined_shrine, uniq_natasha, uniq_eustachio
D:5:      layout_loops_ring, grunt_temple_overflow_open
Temple:   eino_temple_scatter_basement

Skill      XL: |  1  2  3  4  5  6 |
---------------+-------------------+-----
Stealth        | 3 4 |  4.4
Conjurations   | 2 3 4 |  4.0
Summonings     | 2 3 |  3.1
Air Magic      | 1 |  1.9
Dodging        | |  2.0
Spellcasting   | |  3.8
Translocations | |  1.0

Action                   |  1- 3 |  4- 6 || total
-------------------------+-------+-------++-------
Melee: Dagger            |    15 |     1 ||    16
       Constrict         |     4 |     9 ||    13
       Tentacles         |     3 |     5 ||     8
       Short sword       |       |    47 ||    47
 Cast: Magic Dart        |   111 |   168 ||   279
       Call Imp          |       |     4 ||     4
       Mephitic Cloud    |       |     2 ||     2
  Use: Scroll            |     2 |     5 ||     7
 Stab: Confused          |       |     2 ||     2
Armor: Skin              |     4 |     8 ||    12
Dodge: Dodged            |    10 |    49 ||    59
